AoeStats
← TheHoaN

Black Forest

509844642Analyzed
2v2 RM · 3d ago on Sep 28, 2026· 66m 20s· 4 players
Game mode
Random Map
Map size
Medium (4 player)
Population
200
Speed
Normal
Resources
Standard
Victory
Conquest
Starting age
Dark Age
Ending age
Imperial Age
RankedLock teamsTeams togetherTeam positionsShared explorationLock speedFull tech treeHidden civsTurbo modeCheats
Victory
Defeat
🇬🇧 Poles · United Kingdom
1181
+16
🇦🇷 Malay · Argentina
1178
+16
🇺🇦 Spanish · Ukraine
1185
-16
🇸🇪 Bulgarians · Sweden
1184
-16
Hate
0:40 Loom
13:37 Feudal Age
17:47 Castle Age
16:08 Double-Bit Axe
16:04 Horse Collar
19:16 Bow Saw
23:16 Imperial Age
24:57 Scale Mail Armor
28:35 Arson
30:42 Capped Ram
32:03 Chain Mail Armor
31:40 Fletching
32:09 Scale Barding Armor
32:56 Heavy Plow
34:16 Fletching
34:49 Chain Barding Armor
35:51 Crop Rotation
37:05 Masonry
38:48 Conscription
39:33 Bodkin Arrow
39:49 Szlachta Privileges
41:32 Bloodlines
41:23 Husbandry
40:43 Cavalier
43:02 Fortified Wall
44:40 Forging
49:24 Iron Casting
52:56 Elite Obuch
54:14 Chain Mail Armor
54:59 Blast Furnace
59:47 Ballistics
60:28 Chemistry
60:01 Plate Mail Armor
59:32 Bracer
59:33 Padded Archer Armor
59:56 Crossbowman
59:59 Elite Skirmisher
60:45 Thumb Ring
61:51 Arbalester
64:58 Leather Archer Armor
心胸宽广的安倍
11:16 Feudal Age
15:20 Castle Age
25:20 Double-Bit Axe
29:01 Loom
30:58 Elite Skirmisher
32:18 Padded Archer Armor
32:53 Bow Saw
32:29 Horse Collar
33:25 Town Watch
35:13 Fletching
36:35 Husbandry
39:52 Wheelbarrow
42:51 Gold Mining
44:02 Scale Barding Armor
45:22 Ballistics
46:17 Devotion
47:39 Wheelbarrow
47:04 Town Patrol
48:00 Forging
49:05 Hand Cart
48:50 Town Patrol
49:34 Stone Mining
50:52 Heavy Plow
50:54 Town Patrol
52:39 Squires
52:06 Man-at-Arms
52:06 Pikeman
52:31 Arson
55:59 Imperial Age
53:02 Long Swordsman
54:22 Herbal Medicine
55:44 Iron Casting
55:54 Stone Shaft Mining
55:54 Gold Shaft Mining
56:00 Gold Shaft Mining
55:04 Two-Handed Swordsman
56:08 Conscription
56:33 Leather Archer Armor
57:16 Forced Levy
58:44 Blast Furnace
58:36 Crop Rotation
58:26 Bodkin Arrow
59:45 Ring Archer Armor
60:25 Thumb Ring
64:38 Siege Engineers
TheHoaN
1:41 Loom
11:22 Feudal Age
12:34 Arson
12:43 Town Watch
13:47 Gold Mining
15:13 Forging
17:11 Scale Mail Armor
19:56 Horse Collar
23:02 Stone Mining
24:06 Fletching
26:00 Wheelbarrow
27:49 Double-Bit Axe
32:06 Castle Age
39:59 Wheelbarrow
40:04 Gold Shaft Mining
44:14 Heavy Plow
45:22 Wheelbarrow
45:42 Scale Barding Armor
46:19 Stone Shaft Mining
46:10 Light Cavalry
47:01 Bloodlines
48:47 Iron Casting
52:24 Murder Holes
53:34 Hand Cart
55:07 Bow Saw
55:22 Pikeman
56:18 Chain Mail Armor
58:12 Squires
60:05 Hand Cart
Sealion42
0:37 Loom
12:32 Feudal Age
13:16 Double-Bit Axe
16:43 Castle Age
15:32 Stone Mining
18:01 Bow Saw
18:18 Horse Collar
20:14 Gold Mining
37:58 Imperial Age
39:56 Chemistry
40:21 Padded Archer Armor
41:14 Scale Mail Armor
41:30 Leather Archer Armor
41:52 Wheelbarrow
42:19 Two-Man Saw
41:49 Pikeman
42:31 Squires
43:47 Gambesons
43:37 Halberdier
46:47 Chain Mail Armor
46:42 Forging
49:10 Plate Mail Armor
49:16 Iron Casting
51:07 Hand Cart
50:39 Town Watch
53:30 Masonry
53:31 Fortified Wall
53:46 Thumb Ring
58:00 Conscription
62:10 Scale Barding Armor
63:06 Blast Furnace
65:23 Bloodlines
65:14 Husbandry
64:37 Light Cavalry
Connection lost

Rejoining the realm…

Still unreachable

The connection could not be restored.

Session expired

The server has moved on; the page needs a fresh start.